 Dungeon Crawl Stone Soup version 0.31-a0-233-g139696dc86 (webtiles) character file.

Game seed: 5710407565059599178

315 qw the Shooter (level 6, -4/52 HPs)
             Began as a Minotaur Hexslinger on July 9, 2023.
             Was an Initiate of Okawaru.
             Shot with an arrow by a centaur (13 damage)
             ... on level 5 of the Dungeon.
             The game lasted 00:01:14 (3051 turns).

qw the Shooter (Minotaur Hexslinger)                Turns: 3051, Time: 00:01:15

Health: -4/52      AC:  3    Str: 10    XL:     6   Next: 19%
Magic:  6/6        EV: 12    Int: 10    God:    Okawaru [......]
Gold:   211        SH:  0    Dex: 15    Spells: 6/7 levels left

rFire   . . .        Y - +2 sling
rCold   + . .        (no shield)
rNeg    . . .        a - +0 leather armour "Feucyeph" {rC+}
rPois   +            (helmet restricted)
rElec   .            (no cloak)
rCorr   .            (no gloves)
SInv    .            (no boots)
Will    +....        j - amulet of regeneration
Stlth   +            (no ring)
HPRegen 1.08/turn    (no ring)
MPRegen 0.10/turn

%: no passive effects
@: about to teleport
A: horns 2, retaliatory headbutt, strong-willed 1, poison resistance, weak 1
a: Renounce Religion


You were on level 5 of the Dungeon.
You worshipped Okawaru.
Okawaru was noncommittal.
You visited 1 branch of the dungeon, and saw 5 of its levels.

You collected 211 gold pieces.


Innate Abilities, Weirdness & Mutations

You have a pair of horns on your head.
You reflexively headbutt those who attack you in melee.
You are strong-willed. (Will+)
Your system is resistant to poisons. (rPois)
You are weak. (Str -2)


   Skills:
 - Level 4.0 Fighting
 + Level 6.3 Ranged Weapons
 - Level 2.1 Dodging
 - Level 1.0 Spellcasting
 - Level 2.0 Hexes


You had 6 spell levels left.
You knew the following spells:

 Your Spells              Type           Power      Damage    Failure   Level
a - Slow                  Hex            16%        N/A       21%         1

Your spell library contained the following spells:

 Spells                   Type           Power      Damage    Failure   Level
 Inner Flame              Hex/Fire       2%         N/A       67%         3
 Portal Projectile        Hex/Tloc       4%         N/A       67%         3
 Cause Fear               Hex            2%         N/A       90%         4

Inventory:

Hand Weapons
 Y - a +2 sling (weapon)
Armour
 a - the +0 leather armour "Feucyeph" (worn) {rC+}
   (You found it on level 2 of the Dungeon)

   rC:        It protects you from cold.
 i - a +0 ring mail
Jewellery
 j - an amulet of regeneration (around neck)
Scrolls
 c - 2 scrolls of teleportation
 d - a scroll of enchant armour
 g - 3 scrolls of identify
Potions
 b - 4 potions of might
 e - 5 potions of curing
 h - a potion of mutation

Dungeon Overview and Level Annotations

Branches:
Dungeon (5/15)             Temple (0/1) D:5

Altars:
Okawaru
Qazlal

Annotations:
D:3 1 runed translucent door, Crazy Yiuf


Message History

Okawaru accepts your kill.
You shoot a sling bullet. The sling bullet hits the orc.
You kill the orc!
Okawaru accepts your kill. The orc hits you but does no damage.
You shoot a sling bullet. The sling bullet hits the orc.
The orc is heavily wounded.
The orc hits you with a +0 club.
You shoot a sling bullet. The sling bullet hits the orc!
You kill the orc!
Okawaru accepts your kill.
You start resting.
HP restored.
Things that are here:
a +0 club; an orc corpse You now have 211 gold pieces (gained 10).
Found a stone staircase leading down.
Enter note:
Enter note: A centaur comes into view.
The centaur shouts!
The centaur wields a +0 shortbow.
The centaur shoots an arrow.
The arrow hits you!
The centaur shoots an arrow.
The arrow hits you.
Enter note:
Enter note: You shoot a sling bullet.
The sling bullet hits the centaur.
The centaur is lightly wounded.
The centaur shoots an arrow.
The arrow hits you!
You shoot a sling bullet. The sling bullet hits the centaur.
The centaur is lightly wounded.
The centaur shoots an arrow.
The arrow hits you!
The centaur shoots an arrow.
The arrow completely misses you.
You shoot a sling bullet.
The sling bullet closely misses the centaur.
The centaur shoots an arrow.
The arrow hits you!
3051 ||| READING 3 scrolls of teleportation.
As you read the scroll of teleportation, it crumbles to dust.
You feel strangely unstable.
The centaur shoots an arrow.
The arrow hits you!
You die...

##### .... .... ##
..... #. ..... #.
...... #. ......#####
## #......# #...@..#
## .#......# #.
.c........### #.
####........# ##.
#......#.# #..
#......#.## #####.#
#......#..#####.....#
#......##.##....#####
#............####


You could see a centaur.

Vanquished Creatures
  A scorpion (D:4)
  A jelly (D:4)
  A hound (D:2)
  4 adders
  5 gnolls (D:4)
  A shadow imp (D:5)
  5 dart slugs
  9 orcs
  14 ball pythons
  4 endoplasms
  5 giant cockroaches
  4 hobgoblins
  3 jackals (D:3)
  3 quokkas
  5 bats
  4 frilled lizards
  7 goblins
  11 kobolds
  6 rats
93 creatures vanquished.

Notes
Turn   | Place    | Note
-------+----------+-------------------------------------------
     0 | D:1      | qw the Minotaur Hexslinger began the quest for the Orb.
     0 | D:1      | Reached XP level 1. HP: 16/16 MP: 1/1
     0 | D:1      | 0 ||| qw: Version: 0.3-a-51-g015441d
     0 | D:1      | 0 ||| qw: Game counter: 3949
     0 | D:1      | 0 ||| qw: Melee chars always use a shield: true
     0 | D:1      | 0 ||| qw: God list: Okawaru
     0 | D:1      | 0 ||| qw: Allow faded altars: false
     0 | D:1      | 0 ||| qw: Do Orc after clearing Dungeon:15 true
     0 | D:1      | 0 ||| qw: Do second Lair branch before Depths: true
     0 | D:1      | 0 ||| qw: Lair rune preference: random
     0 | D:1      | 0 ||| qw: Goals: Normal
     0 | D:1      | 0 ||| PLANNING D:1-11
   179 | D:1      | Reached skill level 3 in Ranged Weapons
   291 | D:1      | Reached XP level 2. HP: 23/23 MP: 2/2
   640 | D:1      | 640 ||| READING scroll labelled GEUSCH FIPEARCH.
   641 | D:1      | 641 ||| READING scroll labelled JULABB KEYSU.
   642 | D:1      | 642 ||| READING 2 scrolls labelled CYZXECWIGUA.
   643 | D:1      | 643 ||| READING scroll labelled AQUODA VUTUI.
   644 | D:1      | 644 ||| DROPPING scroll of poison.
   757 | D:2      | Identified the +0 leather armour "Feucyeph" {rC+}
   814 | D:2      | Reached skill level 4 in Ranged Weapons
   814 | D:2      | Reached XP level 3. HP: 28/29 MP: 3/3
  1017 | D:2      | Reached XP level 4. HP: 36/36 MP: 4/4
  1147 | D:2      | 1147 ||| UPGRADING to +0 leather armour "Feucyeph" {rC+}.
  1157 | D:2      | 1157 ||| DROPPING +0 robe.
  1158 | D:2      | 1158 ||| READING scroll labelled VEPREO TUPH.
  1161 | D:2      | 1161 ||| READING scroll labelled MOREOBBYSU.
  1162 | D:2      | 1162 ||| DRINKING 2 fuming golden potions.
  1162 | D:2      | Gained mutation: You are weak. (Str -2) [potion of
                  | mutation]
  1162 | D:2      | Gained mutation: Your system is resistant to poisons.
                  | (rPois) [potion of mutation]
  1162 | D:2      | Gained mutation: You are strong-willed. (Will+) [potion of
                  | mutation]
  1163 | D:2      | 1163 ||| READING 2 scrolls of identify.
  1163 | D:2      | 1163 ||| IDENTIFYING sedimented puce potion
  1164 | D:2      | 1164 ||| DROPPING potion of berserk rage.
  1193 | D:2      | 1193 ||| STAIRDANCE
  1247 | D:2      | 1247 ||| DRINKING 3 red potions.
  1347 | D:3      | 1347 ||| FLEEEEING.
  1348 | D:3      | 1348 ||| FLEEEEING.
  1615 | D:3      | Reached skill level 5 in Ranged Weapons
  1638 | D:3      | Found a faded altar of an unknown god.
  2155 | D:3      | Found a runed translucent door.
  2156 | D:3      | Noticed Crazy Yiuf
  2255 | D:3      | 2255 ||| UPGRADING to amulet of regeneration.
  2260 | D:3      | 2260 ||| DRINKING 4 sedimented white potions.
  2261 | D:3      | 2261 ||| DRINKING 2 amethyst potions.
  2301 | D:3      | 2301 ||| DROPPING potion of lignification.
  2341 | D:4      | Reached skill level 3 in Fighting
  2341 | D:4      | Reached XP level 5. HP: 45/45 MP: 5/5
  2389 | D:4      | Reached skill level 6 in Ranged Weapons
  2579 | D:4      | 2579 ||| Stepping ~*~*~tactically~*~*~ (outnumbered).
  2588 | D:4      | Reached XP level 6. HP: 49/51 MP: 6/6
  2600 | D:4      | Found an iron altar of Okawaru.
  2601 | D:4      | 2601 ||| PLANNING OKAWARU WORSHIP
  2601 | D:4      | 2601 ||| READING scroll labelled WUETHI SAGHOE.
  2631 | D:4      | Became a worshipper of Warmaster Okawaru
  2632 | D:4      | 2632 ||| PLANNING D:1-11
  2669 | D:4      | Found a stormy altar of Qazlal.
  2827 | D:4      | 2827 ||| READING scroll labelled WIUMURI OMADU.
  2828 | D:4      | 2828 ||| READING scroll labelled BEIDDA HILL.
  2838 | D:5      | Entered Level 5 of the Dungeon
  2839 | D:5      | Found a staircase to the Ecumenical Temple.
  3050 | D:5      | HP: 8/52 [centaur/arrow (12)]
  3051 | D:5      | 3051 ||| READING 3 scrolls of teleportation.
  3051 | D:5      | Shot with an arrow by a centaur

Levels and vault maps discovered:
D:1:      tarquinn_simple_flora_water_f, layout_loops_ring
D:2:      layout_basic, st_stairs_4
D:3:      layout_basic, nicolae_ecumenical_snake_handling,
          uniq_crazy_yiuf_cottage
D:4:      layout_cave_pools, okawaru_altar_gauntlet_db, grunt_qazlal_sundering,
          minmay_cut_off
D:5:      layout_basic, mainiacjoe_overflow_alcove_2,
          nicolae_wu_jian_wuxing_cycle, gammafunk_temple_overflow_wave,
          minmay_temple_entry_gardened_gates, ebering_ghost_sewer_f,
          uniq_sigmund

Skill      XL: |  1  2  3  4  5  6 |
---------------+-------------------+-----
Ranged Weapons | 3 4 5 6 |  6.3
Fighting       | 2 3 4 |  4.0
Dodging        | |  2.1
Spellcasting   | |  1.0
Hexes          | |  2.0

Action                     |  1- 3 |  4- 6 || total
---------------------------+-------+-------++-------
   Fire: Sling             |    91 |   165 ||   256
    Use: Scroll            |     4 |     7 ||    11
         Potion            |       |     4 ||     4
 Armour: Robe              |     6 |       ||     6
         Leather armour    |       |    20 ||    20
  Dodge: Dodged            |    20 |    66 ||    86

Table legend:
 A = Non-vault XP
 B = Vault XP
 C = Vault XP percentage of total XP
 D = Non-vault monster count
 E = Vault monster count
 F = Vault count percentage of total count
                 A         B        C        D         E       F
            +---------+---------+-------+---------+---------+-------
      Total |     261 |     189 |  42.0 |      75 |      18 |  19.4
            +---------+---------+-------+---------+---------+-------
        D:1 |      17 |       0 |   0.0 |      12 |       0 |   0.0
        D:2 |      76 |       8 |   9.5 |      20 |       3 |  13.0
        D:3 |      59 |      18 |  23.4 |      19 |       5 |  20.8
        D:4 |      77 |     163 |  67.9 |      16 |      10 |  38.5
        D:5 |      32 |       0 |   0.0 |       8 |       0 |   0.0
            +---------+---------+-------+---------+---------+-------
